 Dungeon Crawl Stone Soup version 0.24.0-1-gfbc8707 (webtiles) character file.

Game seed: 9350430615253062087, levelgen mode: deterministic

219 Ayyar the Skirmisher (level 6, 0/48 HPs)
             Began as a Formicid Abyssal Knight on Nov 9, 2019.
             Was a Believer of Lugonu.
             Slain by an ice beast (2 damage)
             ... on level 3 of the Dungeon.
             The game lasted 00:12:26 (3013 turns).

Ayyar the Skirmisher (Formicid Abyssal Knight)      Turns: 3013, Time: 00:12:27

Health: 0/48       AC:  7    Str: 19    XL:     6   Next: 17%
Magic:  8/8        EV:  9    Int: 11    God:    Lugonu [**....]
Gold:   161        SH:  8    Dex: 10    Spells: 5/5 levels left

rFire    + . .     SeeInvis +   a - +1 spear
rCold    . . .     Gourm    .   p - +0 shield
rNeg     . . .     Faith    .   q - +2 ring mail {rF+}
rPois    .         Spirit   .   (helmet unavailable)
rElec    .         Reflect  .   s - -1 cloak
rCorr    .         Harm     .   (no gloves)
MR       .....                  (no boots)
Stlth    +.........             (no amulet)
HPRegen  0.16/turn              f - ring of stealth
MPRegen  0.11/turn              (no ring)

@: no status effects
A: permanent stasis, dig shafts and tunnels, four strong arms, antennae 3
a: Dig, Shaft Self, Depart the Abyss, Bend Space, Renounce Religion


You were on level 3 of the Dungeon.
You worshipped Lugonu.
Lugonu was pleased with you.
You were not hungry.

You visited 1 branch of the dungeon, and saw 3 of its levels.
You visited the Abyss 1 time.

You collected 161 gold pieces.

Inventory:

Hand Weapons
 a - a +1 spear (weapon)
 b - a +0 hunting sling
 e - a +0 trident
Missiles
 h - 43 stones (quivered)
Armour
 p - a +0 shield (worn)
 q - a +2 ring mail of fire resistance (worn)
 s - a -1 cloak (worn)
Jewellery
 f - a ring of stealth (left hand)
 i - an uncursed ring of poison resistance {unknown}
Scrolls
 d - a scroll of enchant armour {unknown}
 g - a scroll of magic mapping {unknown}
 j - 2 scrolls of remove curse
 n - a scroll of amnesia {unknown}
 o - a scroll of teleportation {unknown}
 r - a scroll of blinking {unknown}
 t - 2 scrolls of identify {unknown}
Potions
 l - a potion of curing {unknown}
Comestibles
 c - 5 rations


   Skills:
 + Level 4.1 Fighting
 + Level 3.0 Polearms
 + Level 1.6 Slings
 + Level 3.2 Armour
 + Level 2.0 Dodging
 + Level 1.8 Shields
 + Level 3.3 Invocations


You had 5 spell levels left.
You didn't know any spells.
Your spell library was empty.

Dungeon Overview and Level Annotations

Branches:
Dungeon (3/15)

Altars:
Gozag
Sif Muna
Wu Jian
Xom


Innate Abilities, Weirdness & Mutations

You cannot be hasted, slowed, berserked, paralysed or teleported.
You can dig through walls and to a lower floor.
Your four strong arms can wield two-handed weapons with a shield.
You have a pair of large antennae on your head. (SInv)


Message History

You closely miss the ice beast.
The ice beast is moderately wounded.
The ice beast hits you but does no damage.
You hit the ice beast.
The ice beast is heavily wounded.
The ice beast hits you but does no damage.
You closely miss the ice beast.
The ice beast is heavily wounded.
The ice beast closely misses you.
You hit the ice beast.
The ice beast is heavily wounded.
The ice beast closely misses you.
You hit the ice beast.
The ice beast is severely wounded.
The ice beast hits you. The ice beast freezes you!
* * * LOW HITPOINT WARNING * * *
You closely miss the ice beast.
The ice beast is severely wounded.
The ice beast hits you.
You die...

# #.###.##.<...# .# #
#.#...##.##### # #
#........# .# #
#.#.._#### #'## # #.....#
#...# ### ###.#### #.....
..# #.##.## #......
#.#######.#...####.......
..).............@Yr......
#.#######.#...####.......
#.# #.##.## #...... #.#
#.#### #..%.. #.# #.#
#...# #.# #.# #'## ..#
#.# .# ### #.# #


You could see an ice beast and a rat.

Vanquished Creatures
  An orc priest (D:3)
  A centaur skeleton (D:2)
  An iguana (D:3)
  5 adders
  An ooze (D:3)
  3 worms
  2 dart slugs (D:1)
  4 leopard geckos
  3 orcs (D:3)
  6 giant cockroaches
  2 hobgoblins
  8 jackals (D:3)
  3 quokkas
  8 bats
  2 frilled lizards
  8 goblins
  5 kobolds
  5 rats
68 creatures vanquished.

Notes
Turn   | Place    | Note
-------+----------+-------------------------------------------
     0 | Abyss:1  | Ayyar the Formicid Abyssal Knight began the quest for the
                  | Orb.
     0 | Abyss:1  | Reached XP level 1. HP: 18/18 MP: 2/2
     2 | Abyss:1  | Found a corrupted altar of Lugonu.
    40 | Abyss:1  | Noticed a freezing wraith
    40 | D:1      | Escaped the Abyss
    44 | D:1      | Noticed an elephant
    47 | D:1      | Noticed a death yak
   242 | D:1      | Reached skill level 1 in Dodging
   449 | D:1      | Reached XP level 2. HP: 24/24 MP: 3/3
   456 | D:1      | Reached * piety under Lugonu
   776 | D:1      | Reached XP level 3. HP: 29/29 MP: 4/4
  1255 | D:2      | Reached XP level 4. HP: 37/37 MP: 6/6
  1323 | D:2      | HP: 2/55 [poisoned by an adder]
  1330 | D:2      | HP: 1/55 [poisoned by an adder]
  1338 | D:2      | HP: 1/55 [poisoned by an adder]
  1781 | D:2      | Reached skill level 1 in Slings
  1781 | D:2      | Reached skill level 1 in Shields
  1781 | D:2      | Reached XP level 5. HP: 26/42 MP: 7/7
  1786 | D:2      | Reached ** piety under Lugonu
  2133 | D:3      | Found an ornate altar of the Wu Jian Council.
  2411 | D:3      | Found an opulent altar of Gozag.
  2558 | D:3      | Found a shimmering altar of Xom.
  2560 | D:3      | Found a shimmering altar of Xom.
  2562 | D:3      | Found a shimmering altar of Xom.
  2583 | D:3      | Found a shimmering blue altar of Sif Muna.
  2612 | D:3      | Noticed an ice beast
  2758 | D:3      | Reached skill level 4 in Fighting
  2758 | D:3      | Reached XP level 6. HP: 9/48 MP: 8/8
  3012 | D:3      | HP: 2/48 [ice beast (13)]
  3013 | D:3      | Slain by an ice beast

Levels and vault maps discovered:
D:1:      sevenhm_arrival_forest_fort_small_2, layout_loops_ring
D:2:      layout_loops_ring
D:3:      layout_loops_corners, lemuel_crystal_altar, overflow_temple_1_default,
          xom_redecorated, lemuel_crystal_altar, first_ration

Skill      XL: |  1  2  3  4  5 |
---------------+----------------+-----
Dodging        | 1 2 |  2.0
Slings         | 1 |  1.6
Shields        | 1 |  1.8
Invocations    | 3 |  3.3
Armour         | 3 |  3.2
Fighting       | 4 |  4.1
Polearms       | 3 |  3.0

Action                   |  1- 3 |  4- 6 || total
-------------------------+-------+-------++-------
Melee: Spear             |   128 |   211 ||   339
Invok: Depart the Abyss  |     1 |       ||     1
  Use: Potion            |       |     6 ||     6
       Scroll            |       |     1 ||     1
 Stab: Distracted        |       |     1 ||     1
       Sleeping          |       |     1 ||     1
  Eat: Chunk             |     1 |     3 ||     4
       Ration            |       |     1 ||     1
Armor: Leather armour    |     7 |       ||     7
       Ring mail         |    21 |    58 ||    79
Dodge: Dodged            |    49 |    47 ||    96
Block: Buckler           |     1 |       ||     1
       Shield            |     8 |    61 ||    69
